 Dungeon Crawl Stone Soup version 0.24.0-28-g17ded55e90 (webtiles) character file.

Game seed: 5031431880667924773, levelgen mode: deterministic

611 Matador8 the Skirmisher (level 7, 0/82 HPs)
             Began as a Demonspawn Warper on Nov 12, 2019.
             Succumbed to a gnoll's poison
             ... on level 4 of the Dungeon.
             The game lasted 00:23:18 (7524 turns).

Matador8 the Skirmisher (Demonspawn Warper)         Turns: 7524, Time: 00:23:18

Health: 0/82       AC: 23    Str: 13    XL:     7   Next: 20%
Magic:  10/10      EV:  2    Int: 14    God:
Gold:   300        SH:  0    Dex: 13    Spells: 8/10 levels left

rFire    . . .     SeeInvis .   g - +2 dagger (drain)
rCold    . . .     Gourm    .   (no shield)
rNeg     + + +     Faith    .   (armour currently unavailable)
rPois    +         Spirit   .   (helmet currently unavailable)
rElec    .         Reflect  .   (cloak currently unavailable)
rCorr    .         Harm     .   (gloves currently unavailable)
MR       .....     NoTele   +   (boots currently unavailable)
Stlth    ++........             (no amulet)
HPRegen  0.23/turn              (no ring)
MPRegen  0.12/turn              (no ring)

@: lethally poisoned (0 -> -6), tree-form
A: nightstalker 1
a: no special abilities


You were on level 4 of the Dungeon.
You were not hungry.
You were a tree.
You visited 1 branch of the dungeon, and saw 4 of its levels.

You collected 300 gold pieces.

Inventory:

Hand Weapons
 a - a +0 mace
 g - a +2 dagger of draining (weapon)
 p - a +1 mace of protection
Missiles
 e - 2 boomerangs of dispersal (quivered)
 h - 8 javelins
Armour
 b - a +0 leather armour (melded)
 o - a +0 ring mail
 q - a +0 pair of boots (melded)
Jewellery
 n - an uncursed ring of protection from cold {unknown}
 t - an uncursed ring of fire {unknown}
 w - a cursed amulet of inaccuracy {unknown}
Scrolls
 i - a scroll of fear {unknown}
 j - a scroll of remove curse {unknown}
 k - a scroll of immolation {unknown}
 m - a scroll of fog {unknown}
 r - a scroll of teleportation {unknown}
 s - a scroll of identify {unknown}
Potions
 c - 3 potions of lignification
 l - 2 potions of degeneration {unknown}
 u - 2 potions of brilliance {unknown}
 v - a potion of haste
Comestibles
 f - 7 rations


   Skills:
 + Level 4.6 Fighting
 - Level 3.3 Short Blades
 - Level 2.0 Maces & Flails
 - Level 2.0 Throwing
 - Level 0.8 Armour
 + Level 3.3 Dodging
 - Level 2.0 Spellcasting
 - Level 3.9 Translocations


You had 8 spell levels left.
You knew the following spells:

 Your Spells              Type           Power        Failure   Level  Hunger
a - Blink                 Tloc           N/A          7%          2    ###....

Your spell library contained the following spells:

 Spells                   Type           Power        Failure   Level  Hunger
 Gell's Gravitas          Tloc           ##........   14%         3    ####...
 Lesser Beckoning         Tloc           ##........   14%         3    ####...
 Teleport Other           Tloc           ##......     14%         3    ####...
 Shroud of Golubria       Chrm/Tloc      #.....       16%         2    ###....
 Passage of Golubria      Tloc           N/A          43%         4    #####..


Dungeon Overview and Level Annotations

Branches:
Dungeon (4/15)
 Temple: D:4-7

Altars:
Fedhas
Vehumet

Annotations:
D:3 1 runed translucent door, Crazy Yiuf


Innate Abilities, Weirdness & Mutations

((You have hoof-like feet.))
((Your flesh is cold resistant. (rC+)))
You are slightly more attuned to the shadows.


Message History

The worker ant bites you but does no damage.
You barely miss the worker ant.
The worker ant is heavily wounded.
* * * LOW HITPOINT WARNING * * *
You feel sick. The gnoll hits you but does no damage.
The worker ant bites you but does no damage.
You closely miss the worker ant.
The worker ant is heavily wounded.
The gnoll hits you but does no damage.
The worker ant bites you but does no damage.
You completely miss the worker ant.
The worker ant is heavily wounded.
* * * LOW HITPOINT WARNING * * *
You feel sick.
The worker ant bites you but does no damage.
The gnoll hits you but does no damage.
You hit the worker ant but do no damage.
You drain the worker ant.
The worker ant is severely wounded.
You die...

#..########)### #......
#...o.# #.# #......
##.##.#####.# #####..
#...........# ####..
#..#........### #.....
#....####.....# #.#...
#.......'.....# #.#.##
###....###.....######.#.##
.......ga♣.....'......#.##
###
###.##.#.#.....########...
#.#####....#.......# ####
#..........#.#.#'###
#.........g#.#.#.#
#..........#.#.#.#
#..........#.#.#.#
#.########'#'#.#.#
#.####.........#.#


You could see a worker ant and a gnoll.

Vanquished Creatures
  A hound (D:4)
  3 orc priests
  Terence (D:2)
  A bullfrog skeleton (D:4)
  Natasha (thrice) (D:2)
  4 orc wizards
  Robin (D:4)
  3 gnolls (D:4)
  8 adders
  2 oozes (D:1)
  2 adder skeletons (D:4)
  2 worms
  5 dart slugs
  A leopard gecko (D:2)
  14 orcs
  9 bats
  4 giant cockroaches
  15 goblins
  8 hobgoblins
  11 jackals
  11 kobolds
  A quokka (D:2)
  A ball python (D:2)
  5 frilled lizards
  A jackal skeleton (D:4)
  5 rats
122 creatures vanquished.

Notes
Turn   | Place    | Note
-------+----------+-------------------------------------------
     0 | D:1      | Matador8 the Demonspawn Warper began the quest for the Orb.
     0 | D:1      | Reached XP level 1. HP: 16/16 MP: 3/3
    30 | D:1      | Reached skill level 1 in Throwing
    96 | D:1      | Gained mutation: You have large cloven feet. [demonic
                  | ancestry]
    96 | D:1      | Reached XP level 2. HP: 16/22 MP: 5/5
   290 | D:1      | Reached skill level 1 in Short Blades
   350 | D:1      | Reached XP level 3. HP: 22/27 MP: 6/6
  1525 | D:2      | Noticed Natasha
  1531 | D:2      | Killed Natasha
  1531 | D:2      | Gained mutation: Your flesh is cold resistant. (rC+)
                  | [demonic ancestry]
  1531 | D:2      | Reached XP level 4. HP: 19/33 MP: 7/7
  1655 | D:2      | Noticed Natasha
  1672 | D:2      | Killed Natasha
  1844 | D:2      | Learned a level 2 spell: Blink
  1886 | D:2      | Noticed Terence
  1897 | D:2      | Killed Terence
  1897 | D:2      | Gained mutation: You are slightly more attuned to the
                  | shadows. [demonic ancestry]
  1897 | D:2      | Reached XP level 5. HP: 28/39 MP: 8/8
  2465 | D:2      | Noticed Natasha
  2471 | D:2      | Killed Natasha
  2518 | D:2      | Found a blossoming altar of Fedhas.
  2788 | D:2      | Reached skill level 3 in Fighting
  3043 | D:3      | Found a faded altar of an unknown god.
  3450 | D:3      | Gained mutation: You have hoof-like feet. [demonic
                  | ancestry]
  3450 | D:3      | Reached XP level 6. HP: 38/47 MP: 9/9
  3511 | D:3      | Found a radiant altar of Vehumet.
  4067 | D:3      | Found a runed translucent door.
  4068 | D:3      | Noticed Crazy Yiuf
  6156 | D:4      | Noticed Robin
  6433 | D:3      | Reached skill level 4 in Fighting
  6995 | D:3      | Reached XP level 7. HP: 33/54 MP: 10/10
  7134 | D:4      | Killed Robin
  7519 | D:4      | HP: 4/82 [worker ant (2)]
  7523 | D:4      | HP: 1/82 [poisoned by a gnoll]
  7524 | D:4      | Succumbed to a gnoll's poison

Levels and vault maps discovered:
D:1:      lightli_arrival_lavapool, layout_loops_ring
D:2:      layout_basic, lemuel_round_altar, first_ration,
          minmay_misc_feat_diagonals, uniq_terence, uniq_natasha
D:3:      layout_basic, fiery_altar_vehumet, chequers_ecumenical_altar_simple,
          minmay_misc_feat_more_columns, uniq_crazy_yiuf_cottage
D:4:      layout_basic, uniq_robin

Skill      XL: |  1  2  3  4  5  6  7 |
---------------+----------------------+-----
Maces & Flails | 2 |  2.0
Throwing       | 1 2 |  2.0
Short Blades   | 1 2 3 |  3.3
Translocations | 3 |  3.9
Fighting       | 3 4 |  4.6
Dodging        | 2 3 |  3.3
Armour         | |  0.8
Spellcasting   | |  2.0

Action                   |  1- 3 |  4- 6 |  7- 9 || total
-------------------------+-------+-------+-------++-------
Melee: Dagger            |   123 |   325 |    55 ||   503
       Mace              |     6 |       |       ||     6
       Kick              |    15 |    34 |       ||    49
Throw: Boomerang         |       |     3 |       ||     3
  Use: Potion            |       |     1 |     1 ||     2
       Scroll            |       |     1 |       ||     1
 Stab: Sleeping          |       |     4 |     1 ||     5
       Distracted        |       |     1 |       ||     1
  Eat: Chunk             |     2 |    11 |     1 ||    14
       Ration            |       |     2 |       ||     2
Armor: Leather armour    |    26 |    78 |     7 ||   111
       Skin              |       |       |    17 ||    17
Dodge: Dodged            |    76 |   194 |    25 ||   295
